TOP OF THE 1ST |
Oregon State Beavers batting - Pitching for Alabama Crimson Tide : RHP Dave Roberson
|
Pitching: RHP Dave Roberson
|
|
Batting: LHB Fernando García
|
0-0: Ball 1-0: Called Strike 1-1: Called Strike 1-2: Ground out 3-1 (Groundball, 34)
|
Batting: LHB Guillermo Peña
|
0-0: Called Strike 0-1: Foul Ball, location: 2F 0-2: Ball 1-2: Ball 2-2: Ball 3-2: Foul Ball, location: 2F 3-2: Ground out 4-3 (Groundball, 4)
|
Batting: RHB Michael Kissinger
|
0-0: SINGLE (Groundball, 6MD)
|
Batting: SHB Brandon Hathaway
|
0-0: Called Strike 0-1: Ball 1-1: Ball 2-1: Called Strike 2-2: Strikes out swinging
|
Top of the 1st over - 0 runs, 1 hit, 0 errors, 1 left on base; Oregon State 0 - Alabama 0 |
BOTTOM OF THE 1ST |
Alabama Crimson Tide batting - Pitching for Oregon State Beavers : LHP Sterling Jones
|
Pitching: LHP Sterling Jones
|
|
Batting: LHB Tracy Becker
|
0-0: Ball 1-0: Foul Ball, location: 2F 1-1: Swinging Strike 1-2: Ball 2-2: Foul Ball, location: 2F 2-2: Strikes out looking
|
Batting: RHB Chris Bass
|
0-0: Ball 1-0: Ball 2-0: Ball 3-0: Base on Balls
|
Batting: RHB Shannon Watson
|
0-0: Called Strike 0-1: Ball 1-1: Swinging Strike 1-2: Grounds into double play, 6-4-3 (Groundball, 6)
|
Bottom of the 1st over - 0 runs, 0 hits, 0 errors, 0 left on base; Oregon State 0 - Alabama 0 |
TOP OF THE 2ND |
Oregon State Beavers batting - Pitching for Alabama Crimson Tide : RHP Dave Roberson
|
Batting: RHB Bert Smith
|
0-0: Swinging Strike 0-1: Ball 1-1: Ball 2-1: Ball 3-1: Foul Ball, location: 2F 3-2: Foul Ball, location: 2F 3-2: Foul Ball, location: 2F 3-2: Strikes out swinging
|
Batting: RHB Julius Sears
|
0-0: Ball 1-0: Ground out 5-3 (Groundball, 5)
|
Batting: LHB Dave Olsen
|
0-0: Called Strike 0-1: Ball 1-1: Ball 2-1: Called Strike 2-2: Ball 3-2: Strikes out swinging
|
Top of the 2nd over - 0 runs, 0 hits, 0 errors, 0 left on base; Oregon State 0 - Alabama 0 |
BOTTOM OF THE 2ND |
Alabama Crimson Tide batting - Pitching for Oregon State Beavers : LHP Sterling Jones
|
Batting: LHB Tom York
|
0-0: Called Strike 0-1: Ground out 4-3 (Groundball, 4MS)
|
Batting: RHB Rafael Vargo
|
0-0: Foul Ball, location: 2F 0-1: Ball 1-1: DOUBLE (Line Drive, 78D)
|
Batting: RHB Mike Irvin
|
0-0: Ball 1-0: Ball 2-0: Called Strike 2-1: Reached on error, E5 (Groundball, 56) Rafael Vargo scores
|
Batting: RHB John Martin
|
0-0: Ball 1-0: Called Strike 1-1: Called Strike 1-2: Strikes out swinging
|
Batting: RHB Paco Molina
|
0-0: Ball 1-0: Ball 2-0: Ball 3-0: Base on Balls
|
Batting: RHB Len Valadez
|
0-0: Swinging Strike 0-1: Ball 1-1: Ball 2-1: Ball 3-1: Swinging Strike 3-2: Base on Balls Mike Irvin to third Paco Molina to second
|
Batting: LHB Tracy Becker
|
0-0: Swinging Strike 0-1: Foul Ball, location: 2F 0-2: Strikes out looking
|
Bottom of the 2nd over - 1 run, 1 hit, 1 error, 3 left on base; Oregon State 0 - Alabama 1 |
TOP OF THE 3RD |
Oregon State Beavers batting - Pitching for Alabama Crimson Tide : RHP Dave Roberson
|
Batting: LHB Drew Morris
|
0-0: Ball 1-0: Ball 2-0: SINGLE (Groundball, 34) (infield hit)
|
Batting: RHB Ray Picot
|
0-0: Ball 1-0: Foul Ball, location: 2F 1-1: Called Strike 1-2: Ball 2-2: Ball 3-2: Base on Balls Drew Morris to second
|
Batting: LHB Fernando García
|
0-0: Ball 1-0: Foul Ball, location: 2F 1-1: Swinging Strike 1-2: Foul Ball, location: 2F 1-2: Strikes out looking
|
Batting: LHB Guillermo Peña
|
0-0: Called Strike 0-1: Foul Ball, location: 2F 0-2: Strikes out looking
|
Batting: RHB Michael Kissinger
|
0-0: Ball 1-0: Fielders Choice at 2nd, 6-4 (Groundball, 6)
|
Top of the 3rd over - 0 runs, 1 hit, 0 errors, 2 left on base; Oregon State 0 - Alabama 1 |
BOTTOM OF THE 3RD |
Alabama Crimson Tide batting - Pitching for Oregon State Beavers : LHP Sterling Jones
|
Batting: RHB Chris Bass
|
0-0: Ground out 6-3 (Groundball, 6S)
|
Batting: RHB Shannon Watson
|
0-0: Ball 1-0: Foul Ball, location: 2F 1-1: Foul Ball, location: 2F 1-2: Ball 2-2: Strikes out swinging
|
Batting: LHB Tom York
|
0-0: Foul Ball, location: 2F 0-1: Called Strike 0-2: Ball 1-2: Foul Ball, location: 2F 1-2: Ground out 4-3 (Groundball, 4)
|
Bottom of the 3rd over - 0 runs, 0 hits, 0 errors, 0 left on base; Oregon State 0 - Alabama 1 |
TOP OF THE 4TH |
Oregon State Beavers batting - Pitching for Alabama Crimson Tide : RHP Dave Roberson
|
Batting: SHB Brandon Hathaway
|
0-0: Called Strike 0-1: Ball 1-1: Ball 2-1: Foul Ball, location: 2F 2-2: Strikes out swinging
|
Batting: RHB Bert Smith
|
0-0: Foul Ball, location: 2F 0-1: Called Strike 0-2: Ball 1-2: Ball 2-2: Strikes out swinging
|
Batting: RHB Julius Sears
|
0-0: Ball 1-0: Ball 2-0: Ball 3-0: Base on Balls
|
Batting: LHB Dave Olsen
|
0-0: Swinging Strike 0-1: Ball 1-1: Ball 2-1: Fly out, F1 (Popup, P)
|
Top of the 4th over - 0 runs, 0 hits, 0 errors, 1 left on base; Oregon State 0 - Alabama 1 |
BOTTOM OF THE 4TH |
Alabama Crimson Tide batting - Pitching for Oregon State Beavers : LHP Sterling Jones
|
Batting: RHB Rafael Vargo
|
0-0: Called Strike 0-1: Ball 1-1: Ground out 5-3 (Groundball, 56)
|
Batting: RHB Mike Irvin
|
0-0: Ball 1-0: Swinging Strike 1-1: Ball 2-1: Ball 3-1: Ground out 5-3 (Groundball, 56)
|
Batting: RHB John Martin
|
0-0: Ball 1-0: Called Strike 1-1: DOUBLE (Flyball, 8LD)
|
Batting: RHB Paco Molina
|
0-0: Ball 1-0: Ball 2-0: Foul Ball, location: 2F 2-1: Foul Ball, location: 2F 2-2: Ball 3-2: Strikes out swinging
|
Bottom of the 4th over - 0 runs, 1 hit, 0 errors, 1 left on base; Oregon State 0 - Alabama 1 |
TOP OF THE 5TH |
Oregon State Beavers batting - Pitching for Alabama Crimson Tide : RHP Dave Roberson
|
Batting: LHB Drew Morris
|
0-0: Ball 1-0: Called Strike 1-1: Ball 2-1: Ball 3-1: Foul Ball, location: 2F 3-2: Fly out, F4 (Popup, 4MD)
|
Batting: RHB Ray Picot
|
0-0: Called Strike 0-1: Ball 1-1: SOLO HOME RUN (Flyball, 78XD), Distance : 379 ft
|
Batting: LHB Fernando García
|
0-0: Ball 1-0: Ball 2-0: Called Strike 2-1: Ball 3-1: Base on Balls
|
Pitching: RHP Roberto Ilana
|
|
Batting: LHB Guillermo Peña
|
0-0: Grounds into double play, 6-4-3 (Groundball, 6)
|
Top of the 5th over - 1 run, 1 hit, 0 errors, 0 left on base; Oregon State 1 - Alabama 1 |
BOTTOM OF THE 5TH |
Alabama Crimson Tide batting - Pitching for Oregon State Beavers : LHP Sterling Jones
|
Batting: RHB Len Valadez
|
0-0: Ball 1-0: Ball 2-0: Ball 3-0: Base on Balls
|
Batting: LHB Tracy Becker
|
0-0: Ball 1-0: Ball 2-0: SINGLE (Groundball, 56D) Len Valadez to second
|
Batting: RHB Chris Bass
|
0-0: Swinging Strike 0-1: Swinging Strike 0-2: Strikes out swinging
|
Batting: RHB Shannon Watson
|
0-0: Ball Len Valadez steals 3rd base Tracy Becker to second 1-0: Ball 2-0: Ball 3-0: Called Strike 3-1: Called Strike 3-2: Base on Balls
|
Pitching: LHP Carroll O'Donovan
|
|
Batting: LHB Tom York
|
0-0: Ball 1-0: Fielders Choice at 2nd, 4-6 (Groundball, 4) Len Valadez scores Tracy Becker to third
|
Batting: RHB Rafael Vargo
|
0-0: Called Strike 0-1: SINGLE (Groundball, 34D) Tracy Becker scores Tom York to second Runner from 2nd tries for 3rd, SAFE, throw made at trailing runner, OUT!
|
Bottom of the 5th over - 2 runs, 2 hits, 0 errors, 1 left on base; Oregon State 1 - Alabama 3 |
TOP OF THE 6TH |
Oregon State Beavers batting - Pitching for Alabama Crimson Tide : RHP Roberto Ilana
|
Batting: RHB Michael Kissinger
|
0-0: Called Strike 0-1: Ball 1-1: Foul Ball, location: 2F 1-2: Strikes out swinging
|
Batting: SHB Brandon Hathaway
|
0-0: Called Strike 0-1: Swinging Strike 0-2: Ball 1-2: Fly out, F8 (Flyball, 8LS)
|
Batting: RHB Bert Smith
|
0-0: Ball 1-0: Called Strike 1-1: Ball 2-1: Foul Ball, location: 2F 2-2: Ball 3-2: Foul Ball, location: 2F 3-2: Foul Ball, location: 2F 3-2: Ground out 3-1 (Groundball, 34)
|
Top of the 6th over - 0 runs, 0 hits, 0 errors, 0 left on base; Oregon State 1 - Alabama 3 |
BOTTOM OF THE 6TH |
Alabama Crimson Tide batting - Pitching for Oregon State Beavers : LHP Carroll O'Donovan
|
Batting: RHB Mike Irvin
|
0-0: Called Strike 0-1: Ground out 5-3 (Groundball, 56)
|
Batting: RHB John Martin
|
0-0: Ball 1-0: Ground out 3-1 (Groundball, 34S)
|
Batting: RHB Paco Molina
|
0-0: Ball 1-0: Reached on error, E6 (Groundball, 6M)
|
Batting: RHB Len Valadez
|
0-0: Ball 1-0: Ball 2-0: Ball 3-0: Base on Balls Paco Molina to second
|
Batting: LHB Tracy Becker
|
0-0: Ball 1-0: Ball 2-0: Ball 3-0: Called Strike 3-1: Foul Ball, location: 2F 3-2: Foul Ball, location: 2F 3-2: Strikes out swinging
|
Bottom of the 6th over - 0 runs, 0 hits, 1 error, 2 left on base; Oregon State 1 - Alabama 3 |
TOP OF THE 7TH |
Oregon State Beavers batting - Pitching for Alabama Crimson Tide : RHP Roberto Ilana
|
Batting: RHB Julius Sears
|
0-0: Ball 1-0: SINGLE (Groundball, 6MD)
|
Batting: LHB Dave Olsen
|
0-0: Sac Bunt - play at first, batter OUT! 5-3 Julius Sears to second
|
Batting: LHB Drew Morris
|
0-0: Ball 1-0: Foul Ball, location: 2F 1-1: Ground out 4-3 (Groundball, 4) Julius Sears to third
|
Batting: RHB Ray Picot
|
0-0: Ball Passed Ball! Julius Sears scores 1-0: Swinging Strike 1-1: Called Strike 1-2: Strikes out looking
|
Top of the 7th over - 1 run, 1 hit, 0 errors, 0 left on base; Oregon State 2 - Alabama 3 |
BOTTOM OF THE 7TH |
Alabama Crimson Tide batting - Pitching for Oregon State Beavers : LHP Carroll O'Donovan
|
Batting: RHB Chris Bass
|
0-0: Ground out 4-3 (Groundball, 4)
|
Batting: RHB Shannon Watson
|
0-0: Ball 1-0: Ball 2-0: Called Strike 2-1: Swinging Strike 2-2: Strikes out looking
|
Batting: LHB Tom York
|
0-0: SINGLE (Groundball, 3S) (infield hit)
|
Batting: RHB Rafael Vargo
|
0-0: Ball 1-0: Fly out, F8 (Flyball, 8LD)
|
Bottom of the 7th over - 0 runs, 1 hit, 0 errors, 1 left on base; Oregon State 2 - Alabama 3 |
TOP OF THE 8TH |
Oregon State Beavers batting - Pitching for Alabama Crimson Tide : RHP Roberto Ilana
|
Now at C: Wayne Coleman
|
|
Batting: LHB Fernando García
|
0-0: Called Strike 0-1: Ball 1-1: Ball 2-1: Swinging Strike 2-2: Foul Ball, location: 2F 2-2: Strikes out swinging
|
Batting: LHB Guillermo Peña
|
0-0: Ball 1-0: Ball 2-0: Swinging Strike 2-1: Foul Ball, location: 2F 2-2: SOLO HOME RUN (Line Drive, 9LD), Distance : 324 ft
|
Batting: RHB Michael Kissinger
|
0-0: Ball 1-0: Ball 2-0: Swinging Strike 2-1: Ball 3-1: Fly out, F2 (Popup, 3SF)
|
Batting: SHB Brandon Hathaway
|
0-0: Called Strike 0-1: Swinging Strike 0-2: Foul Ball, location: 2F 0-2: Foul Ball, location: 2F 0-2: Strikes out looking
|
Top of the 8th over - 1 run, 1 hit, 0 errors, 0 left on base; Oregon State 3 - Alabama 3 |
BOTTOM OF THE 8TH |
Alabama Crimson Tide batting - Pitching for Oregon State Beavers : LHP Carroll O'Donovan
|
Batting: RHB Mike Irvin
|
0-0: Foul Ball, location: 2F 0-1: Foul Ball, location: 2F 0-2: Hit by Pitch
|
Pinch Hitting: RHB Oscar Trent
|
0-0: Fly out, F7 (Flyball, 7LD)
|
Pitching: RHP José Blanco
|
|
Batting: RHB Paco Molina
|
0-0: Ball 1-0: Ball 2-0: Called Strike 2-1: Swinging Strike 2-2: Foul Ball, location: 2F 2-2: Ball 3-2: Grounds into double play, 6-4-3 (Groundball, 6)
|
Bottom of the 8th over - 0 runs, 0 hits, 0 errors, 0 left on base; Oregon State 3 - Alabama 3 |
TOP OF THE 9TH |
Oregon State Beavers batting - Pitching for Alabama Crimson Tide : RHP Roberto Ilana
|
Pitching: LHP Ed Dixon
|
|
Now at 1B: Bill Miller
|
|
Batting: RHB Bert Smith
|
0-0: Foul Ball, location: 2F 0-1: Foul Ball, location: 2F 0-2: Ball 1-2: Ball 2-2: Ball 3-2: Base on Balls
|
Pinch Runner at 1st Ed Edmonds:
|
|
Batting: RHB Julius Sears
|
0-0: Ball Ed Edmonds steals 2nd base 1-0: Intentional Walk
|
Batting: LHB Dave Olsen
|
0-0: Sac Bunt - play at first, batter OUT! 1-4 Ed Edmonds to third Julius Sears to second
|
Pinch Hitting: RHB Steve Gómez
|
0-0: Intentional Walk
|
Pinch Hitting: LHB Joe Davis
|
0-0: Ball 1-0: Ball 2-0: Foul Ball, location: 2F 2-1: Ball 3-1: Base on Balls Ed Edmonds scores Julius Sears to third Steve Gómez to second
|
Batting: LHB Fernando García
|
0-0: Foul Ball, location: 2F 0-1: Called Strike 0-2: Foul Ball, location: 2F 0-2: Foul Ball, location: 2F 0-2: Ball 1-2: Foul Ball, location: 2F 1-2: Ball 2-2: Strikes out swinging
|
Batting: LHB Guillermo Peña
|
0-0: Called Strike 0-1: Foul Ball, location: 2F 0-2: Ball 1-2: Ball 2-2: Ball 3-2: Foul Ball, location: 2F 3-2: Foul Ball, location: 2F 3-2: Fly out, F8 (Line Drive, 8LD)
|
Top of the 9th over - 1 run, 0 hits, 0 errors, 3 left on base; Oregon State 4 - Alabama 3 |
BOTTOM OF THE 9TH |
Alabama Crimson Tide batting - Pitching for Oregon State Beavers : RHP José Blanco
|
Pitching: RHP Mario Benoit
|
|
Now at 1B: Wallace Harris
|
|
Now at 2B: Lewis Marks
|
|
Now at 3B: Adam Roberts
|
|
Now in CF: Ed Edmonds
|
|
Batting: RHB Len Valadez
|
0-0: Ball 1-0: Foul Ball, location: 2F 1-1: Foul Ball, location: 2F 1-2: Strikes out looking
|
Batting: LHB Tracy Becker
|
0-0: Called Strike 0-1: Ball 1-1: Ground out 5-3 (Groundball, 5L)
|
Batting: RHB Chris Bass
|
0-0: Ball 1-0: SOLO HOME RUN (Flyball, 8RXD), Distance : 397 ft
|
Batting: RHB Shannon Watson
|
0-0: Ball 1-0: Called Strike 1-1: Ball 2-1: Fly out, F7 (Line Drive, 78M)
|
Bottom of the 9th over - 1 run, 1 hit, 0 errors, 0 left on base; Oregon State 4 - Alabama 4 |
TOP OF THE 10TH |
Oregon State Beavers batting - Pitching for Alabama Crimson Tide : LHP Ed Dixon
|
Pitching: LHP Steve Johnston
|
|
Batting: RHB Michael Kissinger
|
0-0: Foul Ball, location: 2F 0-1: Swinging Strike 0-2: Foul Ball, location: 2F 0-2: SINGLE (Flyball, 6D)
|
Batting: SHB Brandon Hathaway
|
0-0: Called Strike 0-1: Ball 1-1: Ball 2-1: Ball 3-1: Called Strike 3-2: Base on Balls Michael Kissinger to second
|
Batting: RHB Ed Edmonds
|
0-0: Ball 1-0: Ball 2-0: Called Strike 2-1: Ball 3-1: Called Strike 3-2: Fly out, F8 (Flyball, 8LM)
|
Batting: RHB Julius Sears
|
0-0: Reached on error, E6 (Groundball, 6S) Michael Kissinger to third Brandon Hathaway to second
|
Batting: LHB Dave Olsen
|
0-0: Called Strike 0-1: Ball 1-1: Swinging Strike 1-2: Strikes out swinging
|
Batting: SHB Lewis Marks
|
0-0: Ground out 5-3 (Groundball, 56)
|
Top of the 10th over - 0 runs, 1 hit, 1 error, 3 left on base; Oregon State 4 - Alabama 4 |
BOTTOM OF THE 10TH |
Alabama Crimson Tide batting - Pitching for Oregon State Beavers : RHP Mario Benoit
|
Batting: LHB Tom York
|
0-0: Fly out, F7 (Flyball, 7D)
|
Pitching: LHP Vincent Pitts
|
|
Batting: SHB Wayne Coleman
|
0-0: Foul Ball, location: 2F 0-1: Swinging Strike 0-2: Ball 1-2: Foul Ball, location: 2F 1-2: Strikes out looking
|
Batting: RHB Mike Irvin
|
0-0: Ball 1-0: Ball 2-0: Foul Ball, location: 2F 2-1: Foul Ball, location: 2F 2-2: Ground out 5-3 (Groundball, 56)
|
Bottom of the 10th over - 0 runs, 0 hits, 0 errors, 0 left on base; Oregon State 4 - Alabama 4 |
TOP OF THE 11TH |
Oregon State Beavers batting - Pitching for Alabama Crimson Tide : LHP Steve Johnston
|
Batting: LHB Adam Roberts
|
0-0: Fly out, F5 (Popup, 5S)
|
Batting: LHB Fernando García
|
0-0: Ball 1-0: Called Strike 1-1: Foul Ball, location: 2F 1-2: Ball 2-2: Ball 3-2: Strikes out looking
|
Batting: RHB Wallace Harris
|
0-0: DOUBLE (Line Drive, 9LM)
|
Batting: RHB Michael Kissinger
|
0-0: Ball 1-0: Ball 2-0: Ball 3-0: Called Strike 3-1: Swinging Strike 3-2: Base on Balls
|
Batting: SHB Brandon Hathaway
|
0-0: Called Strike 0-1: Ball 1-1: Swinging Strike 1-2: Foul Ball, location: 2F 1-2: Strikes out swinging
|
Top of the 11th over - 0 runs, 1 hit, 0 errors, 2 left on base; Oregon State 4 - Alabama 4 |
BOTTOM OF THE 11TH |
Alabama Crimson Tide batting - Pitching for Oregon State Beavers : LHP Vincent Pitts
|
Pinch Hitting: SHB Steve Ellzey
|
0-0: Called Strike 0-1: Ball 1-1: Ball 2-1: Ball 3-1: Foul Ball, location: 2F 3-2: Base on Balls
|
Batting: RHB Paco Molina
|
Pickoff Throw to First - Error! E1 Steve Ellzey to second 0-0: Intentional Walk
|
Batting: RHB Len Valadez
|
0-0: Fly out, F4 (Popup, 34)
|
Batting: LHB Tracy Becker
|
0-0: Grounds into double play, 4-6-3 (Groundball, 4)
|
Bottom of the 11th over - 0 runs, 0 hits, 1 error, 1 left on base; Oregon State 4 - Alabama 4 |
TOP OF THE 12TH |
Oregon State Beavers batting - Pitching for Alabama Crimson Tide : LHP Steve Johnston
|
Pitching: RHP François LeDoux
|
|
Now at 1B: Steve Ellzey
|
|
Batting: RHB Ed Edmonds
|
0-0: Ground out 4-3 (Groundball, 4M)
|
Batting: RHB Julius Sears
|
0-0: Called Strike 0-1: Ball 1-1: Reached on error, E6 (Groundball, 6)
|
Batting: LHB Dave Olsen
|
0-0: Ball 1-0: Ball 2-0: SINGLE (Line Drive, 8LS) Julius Sears to second
|
Batting: SHB Lewis Marks
|
0-0: SINGLE (Line Drive, 6D) Julius Sears to third Dave Olsen to second
|
Batting: LHB Adam Roberts
|
0-0: Ball 1-0: Foul Ball, location: 2F 1-1: Ball 2-1: SINGLE (Groundball, 4MD) Julius Sears scores Dave Olsen to third Lewis Marks to second Runner from 3rd tries for Home, SAFE, no throw
|
Batting: LHB Fernando García
|
0-0: Called Strike 0-1: Hit by Pitch Lewis Marks to third Adam Roberts to second
|
Batting: RHB Wallace Harris
|
0-0: Swinging Strike 0-1: Ball 1-1: Swinging Strike 1-2: Strikes out swinging
|
Batting: RHB Michael Kissinger
|
0-0: Foul Ball, location: 2F 0-1: Ball 1-1: Ball 2-1: Ball 3-1: Called Strike 3-2: Foul Ball, location: 2F 3-2: SINGLE (Flyball, 9LS) Lewis Marks scores Adam Roberts to third Fernando García to second Adam Roberts scores Fernando García to third
|
Pitching: RHP Gary Sonier
|
|
Batting: SHB Brandon Hathaway
|
0-0: Called Strike 0-1: Foul Ball, location: 2F 0-2: Hit by Pitch Michael Kissinger to second
|
Batting: RHB Ed Edmonds
|
0-0: Ball 1-0: SINGLE (Flyball, 9S) Fernando García scores Michael Kissinger to third Brandon Hathaway to second Runner from 3rd tries for Home, SAFE, no throw
|
Batting: RHB Julius Sears
|
0-0: Ball 1-0: Ball 2-0: Ball 3-0: Base on Balls Brandon Hathaway to third Ed Edmonds to second
|
Batting: LHB Dave Olsen
|
0-0: Called Strike 0-1: Reached on error, E4 (Groundball, 4) Brandon Hathaway scores Ed Edmonds to third Julius Sears to second
|
Batting: SHB Lewis Marks
|
0-0: Called Strike 0-1: Called Strike 0-2: Ball 1-2: Ball 2-2: Strikes out swinging
|
Top of the 12th over - 7 runs, 5 hits, 2 errors, 3 left on base; Oregon State 11 - Alabama 4 |
BOTTOM OF THE 12TH |
Alabama Crimson Tide batting - Pitching for Oregon State Beavers : LHP Vincent Pitts
|
Batting: RHB Chris Bass
|
0-0: Ball 1-0: SINGLE (Groundball, 56D)
|
Batting: RHB Shannon Watson
|
0-0: Called Strike 0-1: Swinging Strike 0-2: Ball 1-2: Strikes out swinging
|
Batting: LHB Tom York
|
0-0: Ball 1-0: SINGLE (Line Drive, 8RS) Chris Bass to second
|
Batting: SHB Wayne Coleman
|
0-0: Called Strike 0-1: Fly out, F7 (Line Drive, 7S)
|
Batting: RHB Mike Irvin
|
0-0: SINGLE (Groundball, 56D) Chris Bass to third Tom York to second
|
Batting: SHB Steve Ellzey
|
0-0: Ball 1-0: SINGLE (Groundball, 56D) Chris Bass scores Tom York to third Mike Irvin to second
|
Batting: RHB Paco Molina
|
0-0: Ground out 4-3 (Groundball, 4)
|
Bottom of the 12th over - 1 run, 4 hits, 0 errors, 3 left on base; Oregon State 11 - Alabama 5 |
|